 Dungeon Crawl Stone Soup version 0.30.0-29-ga12c61a403 (webtiles) character file.

Game seed: 7873926168536203896

269 javelincjr the Ducker (level 6, -3/45 HPs)
             Began as a Djinni Hedge Wizard on June 12, 2023.
             Killed by divine providence
             ... invoked by an orc priest
              (13 damage)
             ... on level 4 of the Dungeon.
             The game lasted 00:16:32 (3051 turns).

javelincjr the Ducker (Djinni Hedge Wizard)         Turns: 3051, Time: 00:16:33

Health: -3/45      AC:  3    Str:  9    XL:     6   Next: 46%
Gold:   94         EV: 13    Int: 17    God:
                   SH:  0    Dex: 13

rFire   + + .        a - +0 dagger
rCold   x . .        (no shield)
rNeg    . . .        b - +0 robe
rPois   ∞            c - +0 hat
rElec   .            h - +0 cloak
rCorr   .            (no gloves)
SInv    .            (boots unavailable)
Will    .....        (no amulet)
Stlth   ++           (no ring)
HPRegen 0.27/turn    (no ring)
MPRegen 0.00/turn

%: infuse magic (-4 HP)
@: flying
A: sickness immunity, fire resistance 2, cold vulnerability 1, float, innate
caster, HP casting, extra vitality 1
a: no special abilities


You were on level 4 of the Dungeon.
You visited 1 branch of the dungeon, and saw 4 of its levels.

You collected 94 gold pieces.

Inventory:

Hand Weapons
 a - a +0 dagger (weapon)
Missiles
 o - a throwing net
Armour
 b - a +0 robe (worn)
 c - a +0 hat (worn)
 h - a +0 cloak (worn)
Scrolls
 d - a scroll of teleportation {unknown}
 f - 4 scrolls of identify {unknown}
 g - a scroll of enchant armour {unknown}
 i - 2 scrolls of fear {unknown}
 k - 2 scrolls of enchant weapon {unknown}
 m - a scroll of torment {unknown}
 n - a scroll of fog {unknown}
 q - a scroll of amnesia {unknown}
Potions
 e - 2 potions of heal wounds
 j - a potion of flight {unknown}
 l - a potion of magic {unknown}
 p - a potion of brilliance {unknown}
 r - a potion of mutation {unknown}


   Skills:
 * Level 2.6 Fighting
 + Level 1.5 Armour
 + Level 3.7 Dodging
 - Level 2.3 Stealth
 * Level 3.5 Spellcasting


You knew the following spells:

 Your Spells              Type           Power      Damage    Failure   Level
a - Magic Dart            Conj           60%        1d6       3%          1
b - Slow                  Hex            60%        N/A       3%          1
c - Blink                 Tloc           30%        N/A       6%          2
d - Call Imp              Summ           30%        N/A       6%          2
e - Mephitic Cloud        Conj/Pois/Air  15%        N/A       12%         3
f - Sandblast             Erth           30%        2d9       3%          1
g - Poisonous Vapours     Pois/Air       30%        N/A       6%          2
Your spell library was empty.

Dungeon Overview and Level Annotations

Branches:
Dungeon (4/15)
 Temple: D:4-7

Altars:
Trog

Shops:
D:1 [:[!?


Innate Abilities, Weirdness & Mutations

You are immune to sickness and miasma.
You are immune to poison.
Your flesh is very heat resistant. (rF++)
You are vulnerable to cold. (rC-)
You float through the air rather than walking.
You learn spells naturally, not from books.
Your magical power is your life essence.
You have superior vitality. (+4 MHP)


Message History

The orc priest hits you with a +0 club.
* * * LOW HITPOINT WARNING * * *
Your cerulean imp barely misses the orc priest.
The orc priest misses you.
Your cerulean imp hits the orc priest but does no damage.
The orc priest hits you but does no damage.
Things that are here:
a +0 dagger; a +0 ring mail Your cerulean imp barely misses the orc priest.
The orc priest hits you but does no damage.
Found a stone staircase leading up.
Your cerulean imp hits the orc priest but does no damage.
Your cerulean imp hits the orc priest but does no damage.
The orc priest hits your cerulean imp with a +0 club.
Your cerulean imp hits the orc priest but does no damage.
The orc priest hits your cerulean imp but does no damage.
Casting: Sandblast (safe; 3% risk of failure)
Confirm with . or Enter, or press ? or * to list all spells.
Aiming: Poisonous Vapours (safe; 6% risk of failure)
Press: ? - help, Dir - move target, f - orc priest
Aim: an orc priest, wielding a +0 club (moderately wounded, ally target) Poisonous vapours surround the orc priest!
The orc priest is poisoned.
* * * LOW HITPOINT WARNING * * *
Your cerulean imp hits the orc priest with a -3 spear.
The orc priest misses your cerulean imp.
Casting: Poisonous Vapours (safe; 6% risk of failure)
Confirm with . or Enter, or press ? or * to list all spells.
Aiming: Poisonous Vapours (safe; 6% risk of failure)
Press: ? - help, Dir - move target, f/p - orc priest
Aim: an orc priest, wielding a +0 club (heavily wounded, not watching you, poisoned, ally target) Poisonous vapours surround the orc priest!
The orc priest looks even sicker.
* * * LOW HITPOINT WARNING * * *
Your cerulean imp hits the orc priest but does no damage.
The orc priest misses your cerulean imp.
Your cerulean imp disappears in a puff of smoke!
The orc priest mumbles some strange prayers to Beogh against you.
Beogh smites you!
You die...

## ##.# ###<..####
#........####
............###
..............#
#.............#
#......@......#
........§.....#
.........o....#
#.........)..##
##..........(##
##........#).##
##.....####..######
##..### #........#
### ##..####...


You could see an orc priest (very poisoned).

Vanquished Creatures
  A black bear (D:4)
  An orc priest (D:4)
  3 gnolls
  2 adders (D:2)
  An ufetubus (D:4)
  A worm (D:2)
  4 dart slugs
  2 orcs (D:4)
  9 ball pythons
  5 endoplasms
  3 giant cockroaches
  10 goblins
  4 hobgoblins
  4 quokkas
  9 bats
  8 frilled lizards
  7 kobolds
  3 rats
77 creatures vanquished.

Vanquished Creatures (collateral kills)
  A giant cockroach (D:2)
  2 hobgoblins
  2 quokkas (D:2)
  A ball python (D:4)
  A frilled lizard (D:2)
  2 rats (D:2)
9 creatures vanquished.

Grand Total: 86 creatures vanquished

Notes
Turn   | Place    | Note
-------+----------+-------------------------------------------
     0 | D:1      | javelincjr the Djinni Hedge Wizard began the quest for the
                  | Orb.
     0 | D:1      | javelincjr set off with the following spells memorised:
                  | Magic Dart, Slow, Blink, Call Imp, Mephitic Cloud.
     0 | D:1      | Reached XP level 1. HP: 15/15 MP: 0/0
   103 | D:1      | Found Bueham's Antique Armour Boutique.
   117 | D:1      | Found Jukifoup's Book Shoppe.
   207 | D:1      | Found Cuoleropt's Distillery.
   234 | D:1      | Reached XP level 2. HP: 16/21 MP: 0/0
   530 | D:1      | Found Quivu's Armour Boutique.
   744 | D:1      | Reached XP level 3. HP: 24/25 MP: 0/0
   744 | D:1      | Learned a level 1 spell: Sandblast
   782 | D:1      | Found The Oracle's Delphic Readings.
  1206 | D:2      | Found a bloodstained altar of Trog.
  1267 | D:2      | Found a faded altar of an unknown god.
  1368 | D:2      | Reached XP level 4. HP: 29/31 MP: 0/0
  1792 | D:2      | Reached skill level 1 in Fighting
  2036 | D:2      | Reached XP level 5. HP: 27/37 MP: 0/0
  2036 | D:2      | Learned a level 2 spell: Poisonous Vapours
  2789 | D:4      | Noticed a black bear
  2814 | D:4      | Killed a black bear
  2815 | D:4      | Reached skill level 1 in Armour
  2815 | D:4      | Reached XP level 6. HP: 8/45 MP: 0/0
  3051 | D:4      | Killed from afar by an orc priest

Illustrated notes

Levels and vault maps discovered:
D:1:      minmay_arrival_arboretum_small, layout_basic, serial_shops,
          nicolae_shop_hallway_stairs, shop, shop, nicolae_shop_rolling_square,
          minmay_misc_feat_secret_circle, nicolae_nh_oracle_at_delphi
D:2:      layout_basic, basic_ecumenical_altar, basic_altar,
          minmay_tree_intersection, minmay_fractal_squares_5
D:3:      layout_loops_cross
D:4:      layout_cave_pods

Skill      XL: |  1  2  3  4  5 |
---------------+----------------+-----
Stealth        | 2 |  2.3
Dodging        | 3 |  3.7
Spellcasting   | 3 |  3.5
Fighting       | 1 2 |  2.6
Armour         | 1 |  1.5

Action                     |  1- 3 |  4- 6 || total
---------------------------+-------+-------++-------
  Melee: Dagger            |    22 |    31 ||    53
         Punch             |       |     1 ||     1
   Cast: Magic Dart        |    70 |    81 ||   151
         Call Imp          |     3 |     5 ||     8
         Blink             |     1 |     1 ||     2
         Sandblast         |       |    25 ||    25
         Slow              |       |     6 ||     6
         Poisonous Vapours |       |     5 ||     5
         Mephitic Cloud    |       |     1 ||     1
    Use: Potion            |       |     1 ||     1
   Stab: Sleeping          |     1 |       ||     1
 Armour: Robe              |     9 |    21 ||    30
  Dodge: Dodged            |    23 |    51 ||    74
